 Dungeon Crawl Stone Soup version 0.17-a0-2055-gb4e23be (webtiles) character file.

10688 Duffy the Martial Artist (level 11, 62/62 HPs)
             Began as a Vine Stalker Monk on Oct 12, 2015.
             Was the Champion of Cheibriados.
             Quit the game on level 1 of the Lair of Beasts.
             The game lasted 00:15:08 (9417 turns).

Duffy the Martial Artist (Vine Stalker Monk)        Turns: 9417, Time: 00:15:09

Health: 62/62      AC: 11    Str: 34    XL:     11   Next: 66%
Magic:  18/18      EV: 16    Int: 25    God:    Cheibriados [******]
Gold:   412        SH:  0    Dex: 32    Spells: 1 memorised, 12 levels left

rFire  . . .     SeeInvis .       - Unarmed
rCold  . . .     Clarity  +     R - +2 ring mail {rN+}
rNeg   + . .     SustAt   .     (no shield)
rPois  +         Gourm    .     (helmet restricted)
rElec  .         Spirit   +     k - +0 cloak {rPois}
rCorr  .         Warding  .     v - +0 pair of gloves
rMut   .         Stasis   .     w - +0 pair of boots
MR     +....                    (no amulet)
Stlth  +++.......               o - ring of flight
                                n - +2 ring of strength

@: very slow, somewhat resistant to hostile enchantments, fairly stealthy
A: antennae 1, fangs 3, clarity, regeneration 2, magic shield, antimagic bite,
no device heal 3, rot immunity
a: Bend Time, Temporal Distortion, Slouch, Step From Time, Renounce Religion,
Evoke Flight


You were on level 1 of the Lair of Beasts.
You worshipped Cheibriados.
Cheibriados was exalted by your worship.
You were not hungry.

You visited 2 branches of the dungeon, and saw 11 of its levels.

You collected 514 gold pieces.
You spent 102 gold pieces at shops.


Innate Abilities, Weirdness & Mutations

You have razor-sharp teeth.
You heal very quickly.
When hurt, damage is shared between your health and your magic reserves.
Your bite disrupts and absorbs the magic of your enemies.
Potions and wands cannot restore your health.
You are immune to rotting.
You have a pair of small antennae on your head.
You possess an exceptional clarity of mind.


   Skills:
 + Level 9.4 Fighting
 - Level 3.2 Armour
 - Level 4.5 Dodging
 - Level 2.4 Stealth
 - Level 12.0 Unarmed Combat
 + Level 4.3 Spellcasting
 + Level 4.5 Transmutations
 + Level 4.3 Earth Magic


You had 12 spell levels left.
You knew the following spells:

 Your Spells              Type           Power        Failure   Level  Hunger
a - Statue Form           Trmt/Erth      ####.....    100%        6    #######

Inventory:

Missiles
 c - 87 poisoned needles
 h - 303 stones (quivered)
 M - 4 throwing nets
Armour
 k - a +0 cloak of poison resistance (worn)
 v - a +0 pair of gloves (worn)
 w - a +0 pair of boots (worn)
 R - a +2 ring mail of positive energy (worn)
 T - a troll hide
Jewellery
 n - a +2 ring of strength (left hand)
 o - a ring of flight (right hand)
Wands
 j - a wand of enslavement (12)
 r - a wand of fireball (6)
 F - a wand of slowing (29)
 N - a wand of disintegration (10)
 O - a wand of polymorph (15)
 S - a wand of magic darts (18)
Scrolls
 d - 5 scrolls of remove curse
 i - 7 scrolls of teleportation
 l - a scroll of fog
 m - 3 scrolls of recharging
 p - 4 scrolls of fear
 u - 2 scrolls of blinking
 y - a scroll of identify
 P - 2 scrolls of magic mapping
Potions
 a - a potion of resistance {unknown}
 e - a potion of ambrosia {unknown}
 f - 6 potions of curing
 g - 3 potions of flight
 q - a potion of cancellation {unknown}
 s - 2 potions of brilliance {unknown}
 t - a potion of berserk rage {unknown}
 x - a potion of lignification {unknown}
 A - 2 potions of might {unknown}
 I - a potion of magic {unknown}
Books
 H - a book of the Earth
Comestibles
 b - 8 bread rations
 C - 2 beef jerkies
 J - a fruit
 L - 2 meat rations
 Q - a slice of pizza

Dungeon Overview and Level Annotations

Branches:
Dungeon (10/15)            Temple (0/1) D:4            Lair (1/8) D:10
    Orc (0/4) D:10

Altars:
Cheibriados
Dithmenos
Elyvilon
Fedhas
Makhleb
Nemelex Xobeh
Okawaru
Ru
Sif Muna
Trog
Xom

Shops:
D:4 *   D:10 [


Message History

h - 284 stones (gained 18)
i - 7 scrolls of teleportation (gained 1)
h - 303 stones (gained 19);
y - a scroll of identify A porcupine comes into view.
A porcupine is nearby!
The helpless porcupine fails to defend itself.
You hit the porcupine. Your bite misses the porcupine.
The porcupine is moderately wounded.
The porcupine barely misses you.
You are struck by the porcupine's spines.
You hit the porcupine. You bite the porcupine. You drain its power.
You feel invigorated.
The porcupine is heavily wounded.
The porcupine closely misses you.
You hit the porcupine. You bite the porcupine. You drain its power.
You kill the porcupine!
Cheibriados appreciates the change of pace.
No target in view!
No target in view!
You see here a porcupine corpse.
You butcher the porcupine corpse.
z - a chunk of flesh Eating a chunk of flesh.
This raw flesh tastes terrible.
You continue eating. x2
You now have 412 gold pieces (gained 18).
A giant frog comes into view.
A giant frog is nearby!
A giant frog is nearby!
The helpless giant frog fails to defend itself.
You pummel the giant frog!!
You kill the giant frog!
Cheibriados thoroughly appreciates the change of pace.
No target in view!
No target in view!
Are you sure you want to abandon this character and quit the game? (Confirm with "yes".)

..... ..... ..... ...
.... .... .. #...##
#...♣ ..# #....####.....
..##.............
............♣...#
#.....#.†......
#.....@....... ##
#....#....#...
...#.######.....#.##....
...............###+ .##
....................
....................
.....................
.....................
.....................


There were no monsters in sight!

Action                   |  1- 3 |  4- 6 |  7- 9 | 10-12 || total
-------------------------+-------+-------+-------+-------++-------
Melee: Unarmed           |    79 |   172 |   260 |   296 ||   807
  Use: Scroll            |       |       |       |    17 ||    17
       Potion            |       |       |       |     2 ||     2
 Stab: Sleeping          |     4 |     1 |       |    12 ||    17
  Eat: Chunk             |       |     5 |     5 |     6 ||    16
       Royal jelly       |       |       |     2 |       ||     2

Notes
Turn   | Place    | Note
--------------------------------------------------------------
     0 | D:1      | Duffy the Vine Stalker Monk began the quest for the Orb.
     0 | D:1      | Reached XP level 1. HP: 11/11 MP: 2/2
   151 | D:1      | Reached XP level 2. HP: 13/16 MP: 3/3
   693 | D:2      | Reached XP level 3. HP: 16/19 MP: 4/4
   729 | D:2      | Reached skill level 5 in Unarmed Combat
   790 | D:2      | Noticed Ijyb
   820 | D:2      | Killed Ijyb
   820 | D:2      | Reached XP level 4. HP: 18/23 MP: 5/5
  1436 | D:2      | Noticed a moth of wrath
  1439 | D:2      | Found a bloodstained altar of Trog.
  1493 | D:2      | Reached skill level 6 in Unarmed Combat
  1648 | D:3      | Reached XP level 5. HP: 21/27 MP: 6/6
  1900 | D:3      | Found a snail-covered altar of Cheibriados.
  1909 | D:3      | Became a worshipper of Cheibriados the Contemplative
  1909 | D:3      | Acquired Cheibriados's first power
  2087 | D:3      | Found a faded altar to an unknown god.
  2498 | D:4      | Noticed an ogre
  2511 | D:4      | Killed an ogre
  2511 | D:4      | Reached skill level 3 in Fighting
  2511 | D:4      | Reached skill level 1 in Armour
  2511 | D:4      | Gained mutation: You heal very quickly. [Vine Stalker growth]
  2511 | D:4      | Reached XP level 6. HP: 18/32 MP: 7/7
  2795 | D:4      | Noticed a phantom
  2839 | D:4      | Killed a phantom
  2839 | D:4      | Reached skill level 7 in Unarmed Combat
  2851 | D:4      | Found Byahoby's Elemental Accessories.
  2867 | D:4      | Acquired Cheibriados's second power
  2900 | D:4      | Found a blossoming altar of Fedhas.
  3112 | D:4      | Found a staircase to the Ecumenical Temple.
  3262 | D:4      | Reached XP level 7. HP: 37/37 MP: 8/8
  3414 | D:4      | Reached skill level 4 in Fighting
  3414 | D:4      | Reached skill level 2 in Armour
  3559 | D:4      | Found a sacrificial altar of Ru.
  3668 | D:5      | Entered Level 5 of the Dungeon
  3681 | D:5      | Found a white marble altar of Elyvilon.
  4231 | D:5      | Reached skill level 8 in Unarmed Combat
  4231 | D:5      | Gained mutation: You have razor-sharp teeth. [Vine Stalker growth]
  4231 | D:5      | Reached XP level 8. HP: 42/42 MP: 9/9
  4277 | D:5      | Identified the Collected Works on Clay (You found it on level 5 of the Dungeon)
  4320 | D:5      | Acquired Cheibriados's third power
  4628 | D:5      | Reached skill level 3 in Armour
  4723 | D:5      | Reached skill level 5 in Fighting
  5069 | D:6      | Reached skill level 9 in Unarmed Combat
  5085 | D:6      | Reached skill level 3 in Dodging
  5264 | D:6      | Reached XP level 9. HP: 47/47 MP: 10/10
  5271 | D:6      | Found an iron altar of Okawaru.
  5278 | D:6      | Acquired Cheibriados's fourth power
  5705 | D:7      | Noticed Dowan
  5708 | D:7      | Noticed Duvessa
  5718 | D:7      | Killed Duvessa
  5722 | D:7      | Killed Dowan
  5722 | D:7      | Reached skill level 10 in Unarmed Combat
  5844 | D:7      | Reached skill level 6 in Fighting
  5872 | D:7      | Found a sparkling altar of Nemelex Xobeh.
  5970 | D:7      | Reached skill level 4 in Dodging
  6704 | D:7      | Reached XP level 10. HP: 53/53 MP: 11/11
  6712 | D:7      | Learned a level 6 spell: Statue Form
  6906 | D:8      | Reached skill level 11 in Unarmed Combat
  6940 | D:8      | Reached skill level 7 in Fighting
  6967 | D:8      | Found a burning altar of Makhleb.
  7531 | D:9      | Found a deep blue altar of Sif Muna.
  7539 | D:9      | Reached skill level 8 in Fighting
  7663 | D:9      | Reached skill level 12 in Unarmed Combat
  7745 | D:9      | Found a shadowy altar of Dithmenos.
  7784 | D:9      | Reached skill level 1 in Spellcasting
  7784 | D:9      | Reached skill level 1 in Transmutations
  7784 | D:9      | Reached skill level 1 in Earth Magic
  7899 | D:9      | Reached skill level 2 in Earth Magic
  8023 | D:9      | Reached skill level 2 in Spellcasting
  8023 | D:9      | Reached XP level 11. HP: 60/60 MP: 13/15
  8032 | D:9      | Reached skill level 2 in Transmutations
  8280 | D:10     | Entered Level 10 of the Dungeon
  8362 | D:10     | Found a staircase to the Lair.
  8371 | D:10     | Reached skill level 3 in Spellcasting
  8501 | D:10     | Reached skill level 3 in Earth Magic
  8529 | D:10     | Reached skill level 3 in Transmutations
  8594 | D:10     | Found Acuocadu's Armour Shoppe.
  8602 | D:10     | Bought a +0 cloak of poison resistance for 102 gold pieces
  8758 | D:10     | Found a staircase to the Orcish Mines.
  8773 | D:10     | Noticed a hill giant
  8781 | D:10     | Killed a hill giant
  8781 | D:10     | Reached skill level 9 in Fighting
  8906 | D:10     | Gained mutation: You have a pair of small antennae on your head. [potion of beneficial mutation]
  8907 | D:10     | Gained mutation: You possess an exceptional clarity of mind. [potion of beneficial mutation]
  8963 | D:10     | Noticed a hill giant
  8977 | D:10     | Killed a hill giant
  8977 | D:10     | Reached skill level 4 in Spellcasting
  8977 | D:10     | Reached skill level 4 in Transmutations
  8977 | D:10     | Reached skill level 4 in Earth Magic
  9226 | Lair:1   | Entered Level 1 of the Lair of Beasts
  9260 | Lair:1   | Found a shimmering altar of Xom.
  9417 | Lair:1   | Quit the game

Vault maps used:
D:1:      matt_arrival_grand_opening, serial_bayou_pond_e
D:2:      kennysheep_the_goblin_king, tgw_trog
D:3:      cheibriados_altar_1, ecumenical_altar_1, minmay_statues_item
D:4:      kennysheep_little_box, nicolae_ru_path_of_blood, temple_fountains,
          hangedman_glass_teeth, nicolae_elemental_shop
D:5:      old_standard_altar, first_bread, serial_glass, glass_columns_c,
          glass_columns_b
D:6:      old_standard_altar
D:7:      kennysheep_mini_moat, uniq_duvessa
D:8:      nicolae_overflow_hidden_temple
D:9:      lemuel_doored_altar, grunt_dithmenos_smoke_and_mirrors
D:10:     grunt_lair_entry_elf_guard_hut, david_orc_1_choice, serial_shops,
          nicolae_shop_trees
Lair:1:   lemuel_centaur_altar, grunt_megastairs_3, lemuel_fruit_tree

Vanquished Creatures
  2 hill giants
  A gargoyle
  A two-headed ogre
  2 trolls
  11 yaks
  A wraith
  2 deep elf magi
  3 hungry ghosts
  A deep elf fighter
  2 hippogriffs
  A water moccasin
  A porcupine Duvessa
  5 sky beasts
  8 orc warriors
  A phantom
  5 ice beasts
  5 ogres
  4 centaurs
  A big kobold
  8 giant frogs
  A crocodile
  A brain worm Dowan
  A wyvern skeleton
  A water moccasin skeleton
  3 scorpions
  5 killer bees
  A quasit
  3 crimson imps
  2 giant frog zombies
  4 jellies
  10 orc priests
  A centaur zombie
  2 giant frog skeletons
  10 orc wizards
  A centaur skeleton Ijyb
  3 hounds
  4 iguanas
  A killer bee zombie
  9 worker ants
  A hound skeleton
  5 worker ant zombies
  2 river rats
  18 adders
  8 gnolls
  2 shadow imps
  An adder skeleton
  5 worms
  44 orcs
  A ball python
  17 bats
  9 giant cockroaches
  9 hobgoblins
  6 jackals
  15 kobolds
  5 quokkas
  9 giant geckos
  4 giant newts
  17 goblins
  A quokka zombie
  17 rats
  3 fungi
330 creatures vanquished.
